 Dungeon Crawl Stone Soup version 0.25-a0-886-gd7461d2276 (webtiles) character file.

Game seed: 12656598850267045188, levelgen mode: deterministic

329 Maedhros the Insei (level 6, -4/38 HPs)
             Began as an Octopode Artificer on May 2, 2020.
             Was a Follower of Cheibriados.
             Slain by an iron imp (5 damage)
             ... summoned by Xom
             ... on level 1 of the Dungeon.
             The game lasted 00:05:32 (1371 turns).

Maedhros the Insei (Octopode Artificer)             Turns: 1371, Time: 00:05:33

Health: -4/38      AC:  1    Str: 14      XL:     6   Next: 50%
Magic:  8/8        EV: 13    Int: 16      God:    Cheibriados [*.....]
Gold:   166        SH:  0    Dex:  6 (18) Spells: 2/5 levels left

rFire    + . .     SeeInvis .   a - +0 short sword
rCold    . . .     Gourm    .   (no shield)
rNeg     . . .     Faith    .   (helmet restricted)
rPois    .         Spirit   .   (no amulet)
rElec    .         Reflect  .   q - ring of protection from fire
rCorr    .         Harm     .   (no ring)
MR       .....                  (no ring)
Stlth    +++.......             (no ring)
HPRegen  0.12/turn              (no ring)
MPRegen  0.11/turn              (no ring)
                                (no ring)
                                (no ring)

@: slowed, very slow
A: almost no armour, stealthy swim, amphibious, 8 rings, constrict 8, camouflage
1, gelatinous body 1
a: Bend Time, Renounce Religion


You were on level 1 of the Dungeon.
You worshipped Cheibriados.
Cheibriados was aware of your devotion.
You were not hungry.

You visited 2 branches of the dungeon, and saw 5 of its levels.

You collected 166 gold pieces.

Inventory:

Hand Weapons
 a - a +0 short sword (weapon)
 s - a +0 hunting sling
Missiles
 n - 7 atropa-tipped darts (quivered)
Jewellery
 q - a ring of protection from fire (left tentacle)
Wands
 b - a wand of flame (11)
 c - a wand of enslavement (9)
 d - a wand of random effects (6)
Scrolls
 h - a scroll of remove curse
 j - 7 scrolls of identify {unknown}
 k - a scroll of teleportation {unknown}
 m - a scroll of magic mapping {unknown}
 r - a scroll of noise {unknown}
Potions
 g - a potion of degeneration {unknown}
 l - a potion of heal wounds {unknown}
 o - a potion of might {unknown}
Comestibles
 f - 6 rations


   Skills:
 - Level 1.0 Fighting
 - Level 1.0 Short Blades
 - Level 2.0 Dodging
 - Level 4.0 Stealth
 + Level 5.6 Unarmed Combat
 - Level 3.2 Evocations


You had 2 spell levels left.
You knew the following spells:

 Your Spells              Type           Power        Failure   Level  Hunger
a - Frozen Ramparts       Ice            #.....       58%         3    ####...

Your spell library contained the following spells:

 Spells                   Type           Power        Failure   Level  Hunger
 Corona                   Hex            #......      26%         1    ##.....
 Freeze                   Ice            #...         26%         1    ##.....
 Ensorcelled Hibernation  Hex/Ice        #.....       36%         2    ###....
 Confusing Touch          Hex            #.......     58%         3    ####...
 Dazzling Flash           Conj/Hex       #.....       58%         3    ####...
 Gell's Gravitas          Tloc           #.........   58%         3    ####...
 Ozocubu's Armour         Chrm/Ice       #.......     58%         3    ####...
 Tukima's Dance           Hex            #.......     58%         3    ####...
 Hailstorm                Conj/Ice       #.......     94%         4    #####..
 Petrify                  Tmut/Erth      #.......     94%         4    #####..
 Summon Ice Beast         Ice/Summ       #.......     94%         4    #####..
 Metabolic Englaciation   Hex/Ice        #.........   100%        5    ######.
 Yara's Violent Unravell  Hex/Tmut       #.........   100%        5    ######.


Dungeon Overview and Level Annotations

Branches:
Dungeon (4/15)             Temple (1/1) D:4

Altars:
Ashenzari
Cheibriados
Elyvilon
Gozag
Kikubaaqudgha
Nemelex Xobeh
Qazlal
Ru
Sif Muna
Wu Jian
Xom
Yredelemnul
The Shining One

Annotations:
D:4 2 transporters, niknal's ghost, novice NaFi


Innate Abilities, Weirdness & Mutations

You cannot wear most types of armour.
You are very stealthy in the water. (Stealth+)
You are amphibious.
You can wear up to eight rings at the same time.
You can use your tentacles to constrict eight enemies at once.
Your skin changes colour to match your surroundings (Stealth+).
Your rubbery body absorbs attacks. (AC +1, EV +1)


Message History

The quasit closely misses you. The quasit completely misses you.
The quasit closely misses you.
The quasit bites you but does no damage.
The quasit claws you.
* * * LOW HITPOINT WARNING * * *
The quasit claws you.
* * * LOW HITPOINT WARNING * * *
You feel clumsy. The iron imp closely misses you. The iron imp hits you!
* * * LOW HITPOINT WARNING * * *
The quasit closely misses you. x2
The quasit claws you but does no damage.
The quasit closely misses you. The quasit completely misses you.
The quasit misses you.
The quasit bites you but does no damage.
The quasit claws you but does no damage.
The quasit barely misses you. The quasit completely misses you.
The quasit closely misses you. The quasit misses you.
The iron imp barely misses you. The iron imp hits you.
You die...

..††..#...........†.###
...†..#######.........#
......#
#.....#.#.........
......#
##...#.#....####.r
#.##### ##..#...#..#
#.#### #..##.5.....
#....# #§55#.##.##.#
####.# #55555...# .#
###.#########55@##..##
# #......##.>.##55# ##
#.#.####..<..##55
##..[.##.....).##..
.....##..⌠...⌠..##.+
##..##...........###
#.##.⌠....⌠....⌠(##
###...............##
#..⌠...⌠...⌠(..⌠..##


You could see 2 iron imps, 4 quasits, a crimson imp, 2 white imps, 3 shadow imps
and 2 ufetubi.

Vanquished Creatures
  An ogre (D:4)
  2 orc priests (D:4)
  An iguana (D:4)
  An orc wizard (D:4)
  2 adders
  An ooze (D:1)
  An adder skeleton (D:4)
  A dart slug (D:1)
  A leopard gecko (D:1)
  2 orcs
  3 giant cockroaches (D:1)
  6 goblins
  3 hobgoblins
  3 jackals (D:1)
  2 ball pythons (D:1)
  4 bats
  2 frilled lizards
  5 kobolds (D:1)
  5 rats
46 creatures vanquished.

Vanquished Creatures (collateral kills)
  An ogre (D:4)
  A bullfrog skeleton (D:4)
  An orc priest (D:4)
  A worker ant (D:4)
  An orc (D:4)
5 creatures vanquished.

Vanquished Creatures (others)
  An adder (D:4)
  A hound (D:4)
2 creatures vanquished.

Grand Total: 53 creatures vanquished

Notes
Turn   | Place    | Note
-------+----------+-------------------------------------------
     0 | D:1      | Maedhros the Octopode Artificer began the quest for the
                  | Orb.
     0 | D:1      | Reached XP level 1. HP: 13/13 MP: 3/3
   106 | D:3      | Reached XP level 2. HP: 18/18 MP: 4/4
   192 | D:4      | Found a stormy altar of Qazlal.
   202 | D:4      | Noticed an ogre
   207 | D:4      | Reached XP level 3. HP: 10/23 MP: 5/5
   208 | D:4      | Killed an ogre
   208 | D:4      | Reached skill level 2 in Unarmed Combat
   208 | D:4      | Reached XP level 4. HP: 13/28 MP: 6/6
   262 | D:4      | Reached skill level 3 in Unarmed Combat
   268 | D:4      | Learned a level 3 spell: Frozen Ramparts
   345 | D:4      | Noticed an ogre
   360 | D:4      | Killed an ogre
   360 | D:4      | Reached XP level 5. HP: 17/33 MP: 7/7
   381 | D:4      | Reached skill level 4 in Unarmed Combat
   435 | D:4      | Noticed niknal's ghost (novice NaFi)
   438 | D:4      | Found a transporter.
   438 | D:4      | Reached XP level 6. HP: 32/38 MP: 8/8
   447 | D:4      | Found a transporter.
   476 | D:4      | Reached skill level 5 in Unarmed Combat
   547 | D:4      | Found a staircase to the Ecumenical Temple.
   554 | Temple   | Entered the Ecumenical Temple
   594 | Temple   | Became a worshipper of Xom of Chaos
   601 | Temple   | Fell from the grace of Xom
   601 | Temple   | Became a worshipper of Cheibriados the Contemplative
   703 | D:2      | Found a faded altar of an unknown god.
   952 | D:1      | Reached * piety under Cheibriados
  1146 | D:1      | XOM: god gift: knobbly copper ring {god gift}
  1365 | D:1      | XOM: summons 14 hostile demons
  1371 | D:1      | HP: 1/38 [iron imp[Xom] (7)]
  1371 | D:1      | Slain by an iron imp

Levels and vault maps discovered:
D:1:      dpeg_arrival_lava_temple_mockup, layout_loops_corners,
          minmay_misc_feat_square
D:2:      layout_loops_corners, gammafunk_temple_overflow_wave,
          chequers_ecumenical_altar_island, grunt_gozag_breadcrumbs,
          uniq_sigmund
D:3:      layout_basic, first_ration
D:4:      layout_layer_cave, nicolae_overflow_crystal_walls,
          minmay_temple_entry_butterflies, gammafunk_ghost_arena, led_sif_book
Temple:   regret_index_temple_waves

Skill      XL: |  1  2  3  4  5  6 |
---------------+-------------------+-----
Stealth        | 2 4 |  4.0
Unarmed Combat | 2 3 4 5 |  5.6
Fighting       | |  1.0
Short Blades   | |  1.0
Dodging        | |  2.0
Evocations     | |  3.2

Action                   |  1- 3 |  4- 6 || total
-------------------------+-------+-------++-------
Melee: Short sword       |    13 |    75 ||    88
       Constrict         |     3 |    22 ||    25
       Tentacles         |     1 |    16 ||    17
       Punch             |       |     4 ||     4
Evoke: Wand              |     1 |    18 ||    19
  Use: Potion            |       |     3 ||     3
       Scroll            |       |     3 ||     3
 Stab: Sleeping          |     2 |    11 ||    13
  Eat: Chunk             |       |     1 ||     1
Armor: Skin              |     1 |    15 ||    16
Dodge: Dodged            |     8 |   131 ||   139

Table legend:
 A = Non-vault XP
 B = Vault XP
 C = Vault XP percentage of total XP
 D = Non-vault monster count
 E = Vault monster count
 F = Vault count percentage of total count
                 A         B        C        D         E       F
            +---------+---------+-------+---------+---------+-------
      Total |     470 |       0 |   0.0 |      52 |       0 |   0.0
            +---------+---------+-------+---------+---------+-------
        D:1 |      56 |       0 |   0.0 |      29 |       0 |   0.0
        D:2 |      15 |       0 |   0.0 |       3 |       0 |   0.0
        D:3 |      23 |       0 |   0.0 |       6 |       0 |   0.0
        D:4 |     376 |       0 |   0.0 |      14 |       0 |   0.0
            +---------+---------+-------+---------+---------+-------
